[Event "ChessKid Cup Div-III 2023"]
[Site "Online"]
[Date "2023.05.24"]
[Round "54.3"]
[White "Donchenko, Alexander"]
[Black "Vallejo Pons, Francisco"]
[Result "1-0"]
[ECO "C01"]
[WhiteElo "2669"]
[BlackElo "2712"]
[Annotator "TA"]
[PlyCount "121"]
[EventDate "2023.05.21"]
[EventType "k.o."]
[EventCountry "NET"]
[SourceTitle "playchess.com"]
[Source "ChessBase"]
[SourceQuality "1"]
[TimeControl "900+3"]

1. c4 b6 2. d4 e6 3. e4 Bb4+ 4. Bd2 Bxd2+ 5. Nxd2 d6 6. Bd3 {[%emt 0:00:14] C01: French: Exchange Variation.} e5 7. Ne2 Ne7 8. O-O {[%emt 0:00:09] The position is equal.} O-O {[%emt 0:00:06] [#]} 9. Re1 $146 ({Predecessor:} 9. d5 a5 10. Bc2 f5 11. exf5 Nxf5 12. a3 Qe7 13. Ne4 Nd7 14. Qd3 g6 15. Rae1 {½-½ Nechaeva,M (2394)-Bivol,A (2392) RUS-ch (Women) 71st 2021 (8)}) 9... Ng6 10. Rc1 c5 11. d5 Nd7 12. Nf1 Nf4 13. Bc2 Nxe2+ 14. Qxe2 Nf6 15. h3 g6 16. Ng3 h5 17. Qe3 h4 18. Ne2 Nh5 19. f4 Qf6 20. f5 g5 (20... Kh7 $11) 21. Kh2 Qh6 22. Rg1 f6 23. Ba4 Nf4 24. a3 a5 25. Rc2 Qh7 26. Bc6 Ra7 27. Qb3 Ra6 28. Qb5 Qa7 29. Nc3 Kh8 30. Be8 (30. Qb3 $14) 30... Qe7 $11 31. Bg6 a4 32. Nxa4 Qa7 33. Nc3 Bd7 $1 {[%emt 0:00:06] Prevents Be8} 34. Qb3 Ba4 35. Nxa4 Rxa4 36. g3 (36. Qb5 $11) 36... hxg3+ $17 37. Qxg3 {[%emt 0:00:03] [#]} (37. Kxg3 $17 {was worth a try.} b5 38. h4 (38. Qxb5 $2 {perishes.} Rb8 $19) 38... bxc4 39. Qe3) 37... Rg8 $2 (37... Kg7 $1 $19 {And now ...Rh8 would win.} 38. Qf3 Rh8) 38. h4 Nxg6 (38... Kg7 $5 ) 39. fxg6 Rxg6 40. hxg5 (40. Qg4 $5 Qh7 41. h5 $14) 40... Qh7+ 41. Qh3 Qxh3+ 42. Kxh3 $11 {[%emt 0:00:03][%mdl 4096] Endgame KRR-KRR} Kg7 (42... Ra7 $11 {keeps the balance.}) 43. Kh4 ({White should play} 43. gxf6+ $16 Kxf6 44. Rxg6+ Kxg6 45. Kg4) 43... fxg5+ (43... Kf7 $11) 44. Rxg5 $16 Kh6 45. Rh5+ Kg7 46. Rg5 {[%emt 0:00:03] Rcg2 is the strong threat.} Kh6 {[%emt 0:00:04] [#]} 47. Rxg6+ Kxg6 {[%emt 0:00:03] KR-KR} 48. Kg4 b5 (48... Kf6 $16 49. Rc1 Kg6) 49. cxb5 $18 Rxe4+ 50. Kf3 Ra4 (50... Rh4) 51. Rc3 {[%emt 0:00:10] Hoping for b6.} Ra7 52. b6 Rb7 53. Rb3 Kf5 54. a4 {[%emt 0:00:04] Threatens to win with Rb5.} e4+ 55. Ke3 Ke5 56. a5 Kxd5 57. a6 {[%emt 0:00:04] White mates.} Rh7 58. a7 Rh3+ 59. Kd2 Rxb3 60. a8=Q+ (60. a8=B+ Ke5 61. Kd1 Rxb6 62. Kc2 Kd4 63. Kc1 d5 64. Kd2 Rxb2+ 65. Kd1 e3 66. Ke1 c4 67. Bc6 c3 68. Ba4 c2 69. Bxc2 Rxc2 70. Kf1 Rf2+ 71. Kg1 Kd3 72. Kh1 e2 73. Kg1 e1=Q#) 60... Kd4 61. Qa4+ {[%emt 0:00:05] White used his chance.   Weighted Error Value: White=0.23 (precise) /Black=0.35} 1-0

[Event "ChessKid Cup Div-III 2023"]
[Site "Online"]
[Date "2023.05.24"]
[Round "54.3"]
[White "Lysyj, Igor"]
[Black "Navara, David"]
[Result "1/2-1/2"]
[ECO "E05"]
[WhiteElo "2606"]
[BlackElo "2678"]
[Annotator "TA"]
[PlyCount "84"]
[EventDate "2023.05.21"]
[EventType "k.o."]
[EventCountry "NET"]
[SourceTitle "playchess.com"]
[Source "ChessBase"]
[SourceQuality "1"]
[TimeControl "900+3"]

1. d4 {[%emt 0:00:07] ChessBase II} Nf6 2. c4 e6 3. Nf3 d5 4. g3 Be7 5. Bg2 O-O 6. O-O dxc4 7. Ne5 Nc6 8. Nxc6 bxc6 9. Na3 Bxa3 10. bxa3 Rb8 {[%emt 0:00:13] E05: Open Catalan: 5 Nf3 Be7.} 11. Qa4 {[%emt 0:00:07] Prevents Ba6} Qxd4 12. Be3 Qb2 {[%emt 0:00:19] White has an edge.} 13. Qxc4 Nd5 14. Bxa7 {[%emt 0:00:21] This pair of bishops is nice.} Ra8 15. Bd4 (15. Qxc6 $2 Rxa7 16. Bxd5 exd5 $19) 15... Qb5 16. Qc2 $36 {[%emt 0:00:57][%mdl 2048] [#] White fights for an advantage.} (16. Qxb5 {simplifies} cxb5 17. Rfc1 Rd8 18. Bb2) 16... Rxa3 $146 {[%emt 0:01:25] [#]} (16... Ba6 $14) ({Predecessor:} 16... Ba6 17. e3 Qc4 18. Qe4 Nc3 19. Bxc3 Qxc3 20. Rfc1 Qxa3 21. Qxc6 Ra7 22. Qc5 Qxc5 23. Rxc5 {1-0 Cornette,M (2600)-Brochet,P (2409) FRA-chT Top 12 2018 (4)}) 17. Bxd5 $1 $18 exd5 18. Bc5 Bf5 19. Qc1 Ra4 {[%emt 0:00:14] ...Re8 is the strong threat.} 20. Bxf8 Kxf8 21. Qg5 Bd7 22. Qd8+ Be8 23. Rab1 Qc5 24. Qxc7 (24. Rb8 Qe7 $16) 24... Rxa2 25. e3 Ra7 26. Qc8 Re7 27. Rfc1 Qd6 28. Rb8 d4 29. exd4 g6 30. Qd8 (30. Rxc6 Re1+ 31. Kg2 Qd5+ 32. Kh3 Kg7 $19) 30... Qf6 31. Qb6 {[%emt 0:01:07] Strongly threatening d5.} Kg7 32. Qb2 Bd7 33. Rb3 (33. Rb7 $18) 33... Be6 34. Re3 (34. Rxc6 Bd5 35. Rc1 Bxb3 36. Qxb3 Qxd4 $11) 34... Bd5 35. Qd2 (35. Rxe7 $18 Qxe7 36. Qc2) 35... Ra7 $14 36. Qb4 Ra2 37. Rf1 g5 38. h3 ({But not} 38. Re8 $2 Qf3 39. Qf8+ Kg6 40. Qd6+ f6 $19) (38. Qc3 $16) 38... Qf5 39. g4 (39. Re5 $5 Qxh3 40. Rxg5+ Kf6 41. Rxd5 cxd5 42. Qb3 $16) 39... Qf4 {[%emt 0:00:04][%cal Of4e3] aiming for ...Qxe3!} 40. Re8 {[%emt 0:00:07] [#] Against Qxe3} (40. Qe7 $14 {keeps the upper hand.}) 40... Qg3+ $3 $19 {[%emt 0:00:03][%mdl 512] Black is clearly better.} 41. fxg3 {[%emt 0:00:08] Threatening mate with Qf8+.} Rg2+ 42. Kh1 {[%emt 0:00:04] White wants to mate with Qf8+.} Rf2+ $2 {[%emt 0:00:17] Quite a comeback for Black. A brilliant game!   Weighted Error Value: White=0.28 (precise) /Black=0.22 (precise)} ({Black should play} 42... Rxg3+ $17 43. Kh2 Rg2+ 44. Kh1 Rxg4+ 45. Kh2 Rg2+ 46. Kh1 Rg4+ 47. Kh2 Rg2+ 48. Kh1 Rb2+ 49. Kg1 Rg2+ 50. Kh1) 1/2-1/2

[Event "ChessKid Cup Div-III 2023"]
[Site "Online"]
[Date "2023.05.24"]
[Round "55.1"]
[White "Donchenko, Alexander"]
[Black "Navara, David"]
[Result "1/2-1/2"]
[ECO "A29"]
[WhiteElo "2669"]
[BlackElo "2678"]
[Annotator "TA"]
[PlyCount "232"]
[EventDate "2023.05.21"]
[EventType "k.o."]
[EventCountry "NET"]
[SourceTitle "playchess.com"]
[Source "ChessBase"]
[SourceQuality "1"]
[TimeControl "900+3"]

1. c4 e5 2. g3 Nf6 3. Bg2 d5 4. cxd5 Nxd5 5. Nc3 Nb6 6. Nf3 Nc6 7. O-O Be7 8. d3 O-O 9. Be3 Be6 10. Rc1 f5 11. Na4 f4 12. Bc5 Bd5 13. a3 a5 14. Bxe7 Qxe7 15. Nxb6 cxb6 16. Nd2 Bxg2 17. Kxg2 a4 18. Rc4 Nd4 19. Rxa4 Rxa4 20. Qxa4 Nxe2 21. Re1 Qf6 22. Qe4 Nd4 23. Qxe5 f3+ 24. Kf1 Qxe5 25. Rxe5 Rc8 26. Nc4 h6 {[%emt 0:00:53] [#]} 27. Rd5 $1 ({Worse is} 27. Nxb6 Rc2 $11) 27... Nb3 28. Ke1 (28. Nxb6 $2 Rc1#) 28... Re8+ 29. Re5 Rd8 30. Re3 ({Resist} 30. Nxb6 Nc1 31. Re3 Nxd3+ 32. Kf1 Nc1 $16) 30... b5 31. Ne5 Rc8 32. Nxf3 Rc1+ 33. Ke2 Rc2+ 34. Kf1 Rxb2 35. Kg2 Na5 36. Ne5 Nc6 37. Nf3 (37. h4 $16) 37... b4 (37... Na5 $1 $11 {remains equal.}) 38. axb4 $16 Nxb4 39. d4 b5 40. Re8+ ({White should play} 40. Rc3 $16) 40... Kf7 $11 41. Rb8 Nd3 42. Ne5+ Nxe5 43. dxe5 b4 (43... Ke6 $11) 44. Rb6 $16 Re2 45. Rb7+ (45. Rxb4 {simplifies} Rxe5 46. Kf3 Ra5 47. Rb7+) 45... Kg6 46. Rb5 Kf5 47. Rxb4 Rxe5 48. Rb6 Ra5 49. h3 h5 50. Rc6 g6 51. Rb6 Kg5 52. Rb4 Kf6 53. Rb3 Ra6 54. Kf3 Rc6 55. Rb4 Ra6 56. Kf4 Rc6 57. h4 Ra6 58. Ke4 Re6+ 59. Kf3 Ra6 60. Rc4 Rb6 61. Rc2 Ra6 62. Ke4 Ra4+ 63. Kd5 (63. Ke3 $16) 63... Ra5+ 64. Kd4 Ra4+ (64... g5 $1 $11 {keeps the balance.}) 65. Ke3 $16 Ra3+ 66. Kf4 (66. Ke2 $16) 66... Ra4+ $11 67. Kf3 Ra3+ (67... Ra6 $1 $11) 68. Ke2 $16 Ra6 69. Rc3 Re6+ 70. Kf3 Ra6 71. Rd3 Kf5 72. Rd5+ Kf6 73. Ke4 Re6+ 74. Kd3 Ra6 75. Rc5 Re6 76. f3 Re1 77. Rc6+ Kf5 78. Kd2 (78. Rc4 $5 Rg1 79. Ke3 $16) 78... Rg1 79. Rc5+ Kf6 80. Rg5 Ra1 81. Ke3 Ra3+ 82. Kf2 Ra2+ $1 83. Kg1 Ra1+ 84. Kg2 Ra2+ 85. Kh3 Rf2 86. f4 Kf7 87. Rd5 Kf6 88. Rd1 Kf7 89. Rg1 Ra2 90. Rg2 Ra6 91. Rb2 Kf6 92. Kg2 Ke6 93. Re2+ Kf6 94. Kf3 Ra3+ 95. Re3 Rxe3+ 96. Kxe3 Ke7 97. Kd4 Kd6 98. Kd3 Kd7 99. Ke4 Ke6 100. Kf3 Kf7 101. Kf2 Kf8 102. Ke2 Ke8 103. Kd3 Kd7 104. Kc3 (104. Ke4 $5 Ke6 $8 105. Kd4 $11) 104... Kc7 105. Kc4 Kc6 $1 106. Kd4 Kd6 107. Ke4 Ke6 $1 108. Kf3 Kf7 109. g4 hxg4+ 110. Kxg4 Kf6 111. Kg3 Kf5 112. Kf3 Ke6 113. Kg4 Kf6 114. h5 gxh5+ 115. Kxh5 Kf5 116. Kh4 Kxf4 1/2-1/2

[Event "ChessKid Cup Div-III 2023"]
[Site "Online"]
[Date "2023.05.24"]
[Round "55.1"]
[White "Kamsky, Gata"]
[Black "Sevian, Samuel"]
[Result "1/2-1/2"]
[ECO "E68"]
[WhiteElo "2665"]
[BlackElo "2684"]
[Annotator "TA"]
[PlyCount "88"]
[EventDate "2023.05.21"]
[EventType "k.o."]
[EventCountry "NET"]
[SourceTitle "playchess.com"]
[Source "ChessBase"]
[SourceQuality "1"]
[TimeControl "900+3"]

1. d4 Nf6 2. Nf3 g6 3. g3 Bg7 4. Bg2 O-O 5. O-O d6 6. c4 Nbd7 7. Nc3 e5 8. e4 exd4 9. Nxd4 Re8 10. h3 Nc5 11. Re1 Bd7 12. Bf4 h6 13. Nb3 {[%emt 0:01:47] E68: King's Indian: Fianchetto: 6...Nbd7 7 0-0 e5 8 e4.} Ne6 14. Bd2 a5 15. a4 ({Don't play} 15. e5 dxe5 16. Be3 Qc8 $17) 15... Ng5 16. g4 {[%emt 0:00:46] [#]} Bc6 $146 ({Predecessor:} 16... Ne6 17. Be3 Nh7 18. Qd2 h5 19. gxh5 Neg5 20. hxg6 fxg6 21. Bxg5 Nxg5 22. Re3 Bh6 {1-0 Deviatkin,A (2569)-Nitin,S (2367) Chennai op 5th 2013 (9)}) 17. Qc2 Nd7 18. f4 {[%emt 0:00:28] Prevents Ne5} Ne6 19. Nd5 {[%emt 0:00:46] Wards off Qf6} Nd4 20. Nxd4 Bxd4+ 21. Kh1 Nc5 22. Bc3 (22. Rf1 $11) 22... Bxc3 $15 23. Qxc3 {[%emt 0:00:03] [#] Black must now prevent Nf6+.} Re6 {[%emt 0:01:10] Against Nf6+} (23... Bxd5 $142 24. cxd5 g5) 24. b3 (24. e5 $5 ) 24... Nd7 (24... Bxd5 $11 {keeps the balance.} 25. cxd5 Re7) 25. e5 $36 {[%emt 0:00:12][%mdl 2048] White is really pushing. White is much more active.} dxe5 (25... Rc8 $142) 26. fxe5 Rc8 27. Qxa5 (27. Nf4 $16 Bxg2+ 28. Kxg2) 27... Rxe5 $14 28. Rxe5 Nxe5 29. Re1 Bxd5 30. Qxd5 ({But not} 30. Rxe5 Bxg2+ 31. Kxg2 Qd4 $11) 30... Qxd5 (30... Nd3 $14 31. Qxd8+ Rxd8) 31. Bxd5 $16 Nc6 32. Bxc6 bxc6 {[%emt 0:00:00][%mdl 4096] Endgame KR-KR} 33. b4 (33. Ra1 $16) 33... Ra8 (33... Rb8 $11) 34. Ra1 (34. a5 $16) 34... Kg7 $1 $11 35. Kg2 {[%emt 0:00:02] And now Kf3 would win.} Kf6 36. Kf3 {[%emt 0:00:01] Ke4 would be deadly.} Ke5 37. Ke3 c5 38. b5 Ra5 39. Kd3 f5 {[%emt 0:00:01] The position is equal.} 40. gxf5 gxf5 41. Re1+ Kf6 42. Ra1 Ke5 43. Re1+ Kf6 44. Ra1 Ke5 {[%emt 0:00:00] Weighted Error Value: White=0.22 (precise) /Black=0.20 (precise)} 1/2-1/2

[Event "ChessKid Cup Div-III 2023"]
[Site "Online"]
[Date "2023.05.24"]
[Round "55.2"]
[White "Sevian, Samuel"]
[Black "Kamsky, Gata"]
[Result "0-1"]
[ECO "B40"]
[WhiteElo "2684"]
[BlackElo "2665"]
[Annotator "TA"]
[PlyCount "102"]
[EventDate "2023.05.21"]
[EventType "k.o."]
[EventCountry "NET"]
[SourceTitle "playchess.com"]
[Source "ChessBase"]
[SourceQuality "1"]
[TimeControl "900+3"]

1. e4 c5 2. Nf3 e6 3. d4 cxd4 4. Bg5 Be7 5. Bxe7 Nxe7 6. Qxd4 {[%emt 0:00:01] B40: Sicilian: 2...e6, Unusual lines.} O-O 7. Nc3 Nbc6 {[%emt 0:00:18] [#]} 8. Qe3 $146 {[%emt 0:00:03] The position is equal.} ({Predecessor:} 8. Qd6 a6 9. O-O-O b5 10. a3 Ra7 11. Be2 Qb6 12. Rhf1 Rc7 13. Kb1 Bb7 14. Ne5 {1-0 Tay,J (2230)-Nandhidhaa,P (2365) Titled Tuesday intern op 21st April blitz 2020 (2)}) 8... a6 9. Bd3 d5 10. exd5 exd5 {[%emt 0:00:02] ...d4 is the strong threat.} 11. O-O-O Bg4 {[%emt 0:00:49] [#]} 12. Be4 d4 $11 13. Qg5 (13. Qf4 $1 $11 Bxf3 14. Qxf3) 13... f5 $1 $15 {[%emt 0:00:29] Strongly threatening ...h6.} 14. Bxc6 Nxc6 15. Qxd8 Raxd8 16. Ne2 Bxf3 17. gxf3 Rfe8 18. Ng3 g6 19. f4 $1 Rd5 20. a3 Rc8 21. Kb1 (21. Ne2 $11 {remains equal.}) 21... Nd8 (21... d3 $1 $17 22. Rxd3 Rxd3 23. cxd3 Nd4) 22. Rhe1 Kf7 23. Re5 {[%emt 0:00:07] Prevents Ne6} (23. Ne2 $15) 23... Rd6 $17 24. h4 (24. Re3 $142) 24... Ne6 25. Ne2 Kf6 {[%emt 0:00:01][%cal Oe6f4] Hoping for ...Nxf4!} 26. Ra5 Rcd8 27. Ra4 (27. b4 $17) 27... d3 28. cxd3 (28. Rxd3 $142 Rxd3 29. cxd3) 28... Rxd3 29. Rxd3 Rxd3 $19 {[%emt 0:00:02][%mdl 4096] Endgame KRN-KRN} 30. Rb4 Rd2 31. Nc3 b5 {[%emt 0:00:18] White must now prevent ...Nd4.} ({Stronger than} 31... Rxf2 32. Nd5+ Kg7 33. Rxb7+ Kf8 34. Rb8+ Kg7 35. Rb7+ Kf8 36. Rb8+ Kg7 37. Rb7+ $11) 32. a4 Rxf2 33. axb5 axb5 (33... Nxf4 $2 34. bxa6 Rf1+ 35. Ka2 $18) 34. Nd5+ Kf7 35. Rxb5 Nxf4 36. Rb7+ Ke6 37. Nxf4+ Rxf4 38. Rxh7 {[%emt 0:00:00] KR-KR} Rf2 ({Better is} 38... Rc4 $1 $19 {...f4 would be deadly.} 39. Rh6 Kf6) 39. Rh6 (39. Kc1 $11) 39... Kf7 $1 $17 {[%emt 0:00:18] ( -> ...Kg7). Black is more active.} 40. Rh7+ Kf6 {[%emt 0:00:07] aiming for ...f4.} 41. Rc7 $2 {[%emt 0:00:01][%mdl 8192] [#]} (41. Kc1 $17 {was the crucial defense.}) 41... f4 $2 (41... Rf4 $1 $19 42. Rh7 Rc4) 42. Rc2 {[%emt 0:00:02] [#]} Rf3 43. Rc6+ $2 (43. Kc1 $17) 43... Kf5 $19 44. Rc5+ Ke4 $2 (44... Kg4 $19 {[%cal Of3e3] is more deadly. Threatens to win with ...Re3!} 45. Rg5+ Kxh4 46. Rxg6 Re3) 45. Rg5 $2 (45. Rc6 $17) 45... Rg3 {[%emt 0:00:30] Black mates.} 46. Kc2 Rxg5 47. hxg5 Ke3 ({Not} 47... Kf5 48. b4 Kg4 49. b5 $17) 48. Kd1 Kf2 49. b4 f3 50. b5 Kg2 51. b6 f2 {[%emt 0:00:00] Weighted Error Value: White=0.62/Black=0.47} 0-1

[Event "ChessKid Cup Div-III 2023"]
[Site "Online"]
[Date "2023.05.24"]
[Round "55.2"]
[White "Navara, David"]
[Black "Donchenko, Alexander"]
[Result "1-0"]
[ECO "B13"]
[WhiteElo "2678"]
[BlackElo "2669"]
[Annotator "TA"]
[PlyCount "95"]
[EventDate "2023.05.21"]
[EventType "k.o."]
[EventCountry "NET"]
[SourceTitle "playchess.com"]
[Source "ChessBase"]
[SourceQuality "1"]
[TimeControl "900+3"]

1. e4 c6 2. d4 d5 3. exd5 cxd5 4. Bd3 Nf6 5. c3 Bg4 6. Qb3 Qc7 7. h3 {[%emt 0:01:40] B13: Caro-Kann: Exchange Variation and Panov-Botvinnik Attack.} Bh5 8. g4 Bg6 9. Bxg6 {[%emt 0:00:00] White has an edge.} hxg6 10. g5 $1 Nh5 11. Qxd5 e6 12. Qe4 $36 {[%emt 0:00:07][%mdl 2048] Keeping Black busy.} Bd6 {[%emt 0:00:23] [#]} 13. Be3 $146 ({Predecessor:} 13. Ne2 Nd7 14. Be3 Nb6 15. Nd2 Nd5 16. O-O-O Rc8 17. Kb1 b5 18. Nb3 a5 19. Nc5 Bxc5 20. dxc5 Nxe3 21. Qxe3 Qxc5 {½-½ Aditya,V (2249)-Nandhidhaa,P (2358) Sitges Sunway op 9th 2022 (9)}) 13... O-O 14. Nd2 Nd7 15. Ne2 e5 16. O-O-O Rfe8 17. Nf3 (17. Qd5 $16) 17... Nf4 {[%emt 0:00:57] White leaves nothing to chance now.} (17... Qc4 $1 $11 18. Qc2 (18. Qxb7 $2 Rab8 $19) 18... Qxa2) 18. Bxf4 $16 exf4 19. Qd3 b5 20. h4 (20. Qxb5 Rab8 21. Qd3 (21. Qa6 Nb6 $15) 21... Nb6 $15) 20... Nb6 21. Kb1 (21. Qxb5 $2 Nc4 22. Ne5 Bxe5 $19) 21... Rab8 (21... b4 $16) 22. h5 $18 (22. Qxb5 $2 Nc4 $19) 22... Qc4 23. Nc1 b4 {[%emt 0:03:01] [#]} 24. cxb4 (24. hxg6 $6 Qxd3+ 25. Rxd3 (25. Nxd3 bxc3 26. gxf7+ Kxf7 $16) 25... fxg6 26. cxb4 Bxb4 $16) 24... Qxb4 $2 (24... gxh5 25. Rxh5 g6) 25. hxg6 fxg6 26. Qxg6 {[%emt 0:01:05] White wants to mate with Rh7.} (26. a3 Qa5 27. Ka1 (27. Qxg6 Nc4 $18) 27... Qf5 28. Qxf5 gxf5 $16) 26... Nc4 27. Qh7+ (27. Nd3 Na3+ 28. Ka1 Nc2+ 29. Kb1 Na3+ 30. Ka1 Nc2+ 31. Kb1 Na3+ $11) 27... Kf8 28. Qf5+ Ke7 29. Rde1+ (29. Nd3 Na3+ 30. Ka1 Nc2+ 31. Kb1 Na3+ 32. Ka1 Nc2+ 33. Kb1 Na3+ $11) 29... Kd8 30. Rxe8+ Kxe8 31. Nb3 (31. Nd3 Na3+ 32. Ka1 Nc2+ 33. Kb1 Na3+ 34. Kc1 (34. Ka1 Nc2+ 35. Kb1 Na3+ $11) 34... Qc4+ 35. Kd2 Qc2+ 36. Ke1 Qb1+ 37. Ke2 Rxb2+ 38. Nd2 Rxd2+ 39. Kxd2 Qxh1 $11) 31... Qb5 32. Qe6+ Kd8 33. Rc1 Rc8 {[%emt 0:00:16] [#]} 34. Rxc4 $1 {[%emt 0:00:14][%mdl 64] Remove Defender} Qxc4 35. Qxd6+ Ke8 36. Qe5+ (36. Qxf4 {leads to mate.} Qd3+ 37. Ka1 Qd1+) 36... Kf8 37. Qf5+ Kg8 38. Nfd2 (38. Qxf4 {is a self mate.} Qd3+ 39. Ka1 Qd1+) 38... Qc6 39. d5 (39. Qxf4 $2 {loses.} Qh1+ $19) 39... Qc7 40. a3 {[%emt 0:00:18] Hoping for g6.} Re8 41. Ka2 {[%emt 0:00:04] g6 would be deadly.} Re2 42. g6 {[%emt 0:00:06] White mates.} a5 43. Ne4 a4 44. Nbc5 Qb8 45. Qe6+ Kh8 46. Qh3+ Kg8 47. Qh7+ Kf8 48. Qh8+ {[%emt 0:00:02] Weighted Error Value: White=0.05 (flawless) /Black=0.54} 1-0

[Event "ChessKid Cup Div-III 2023"]
[Site "Online"]
[Date "2023.05.25"]
[Round "56.1"]
[White "Bernadskiy, Vitaliy"]
[Black "Navara, David"]
[Result "1-0"]
[ECO "B22"]
[WhiteElo "2592"]
[BlackElo "2678"]
[Annotator "TA"]
[PlyCount "89"]
[EventDate "2023.05.21"]
[EventType "k.o."]
[EventCountry "NET"]
[SourceTitle "playchess.com"]
[Source "ChessBase"]
[SourceQuality "1"]
[TimeControl "900+3"]

1. e4 c5 2. Nf3 e6 3. c3 d5 4. exd5 Qxd5 5. d4 Nf6 6. Bd3 Nc6 7. O-O cxd4 8. cxd4 Be7 9. Nc3 Qd6 10. Nb5 Qd8 11. Bf4 Nd5 12. Bg3 O-O {[%emt 0:00:24] B22: Sicilian: 2 c3.} 13. Re1 $5 {[%emt 0:00:11][%mdl 4] Exploring less charted territory.} (13. Rc1 $14 {might be stronger.}) 13... a6 14. Nc3 Nxc3 (14... Ncb4 $11) 15. bxc3 $16 {[%emt 0:00:00] [#]} b5 $146 ({Predecessor:} 15... g6 16. Be4 Bd7 17. Qd2 Rc8 18. h4 Bf6 19. Rac1 b5 20. h5 Na5 21. Ne5 Nc4 22. Nxc4 Rxc4 23. Bd3 Rc8 24. Be5 {½-½ Pierrot,J (2449)-Lafuente,P (2435) ARG-ch 80th Los Polvorines 2005 (4)}) 16. a4 b4 17. c4 Bf6 18. Be4 Bb7 19. c5 {[%emt 0:00:01] White is more active.} Na5 (19... Ra7 $14) 20. Bxb7 Nxb7 {[%emt 0:00:00] [#]} 21. a5 Qd5 (21... Rc8 $1 $11) 22. Qa4 Nxc5 23. dxc5 {[%emt 0:00:35] Strongly threatening Rac1.} Bxa1 {[%emt 0:00:00] [#]} 24. Rxa1 ({Better is} 24. Rd1 $1 $16 Bd4 25. c6 (25. Rxd4 Qxc5 26. Bd6 Qc1+ 27. Rd1 Rfc8 $14)) 24... Qxc5 $11 25. Rb1 Rfd8 26. h4 (26. Rxb4 $2 {is a self mate.} Qc1+) 26... Rd5 27. Rxb4 ({Don't play} 27. Qxb4 Qxb4 28. Rxb4 Rxa5 $17) 27... Qxa5 28. Qc6 Qxb4 29. Qxa8+ Qf8 30. Qxa6 h6 31. Kh2 Qe8 32. Ne5 f6 33. Nc4 e5 34. Ne3 Rd8 35. Nf5 Qd7 36. Qc4+ Kh7 $1 37. Qe4 Kh8 (37... g6 $11 {remains equal.} 38. Ne3 h5) 38. h5 Qf7 39. Qg4 Qd7 40. f3 Ra8 41. Qg6 {[%emt 0:01:19][%cal Of5h6] Hoping for Nxh6!} Ra7 $2 {[%emt 0:00:05] Black cannot hold the game after this.} (41... Rf8 $16 {is a better defense.} 42. Bf2 Qf7) 42. Bf2 $18 Ra4 {[%emt 0:00:09] [#]} (42... Rc7 43. Nxh6 Qe6) 43. Nxg7 $1 {[%emt 0:00:16][%mdl 576] Deflection} Ra2 (43... Rf4 44. Ne8) 44. Ne8 Rxf2 45. Nxf6 {[%emt 0:00:05] Weighted Error Value: White=0.31/Black=0.40} 1-0

[Event "ChessKid Cup Div-III 2023"]
[Site "Online"]
[Date "2023.05.25"]
[Round "56.1"]
[White "Lazavik, Denis"]
[Black "Kamsky, Gata"]
[Result "1-0"]
[ECO "E16"]
[WhiteElo "2544"]
[BlackElo "2665"]
[Annotator "TA"]
[PlyCount "111"]
[EventDate "2023.05.21"]
[EventType "k.o."]
[EventCountry "NET"]
[SourceTitle "playchess.com"]
[Source "ChessBase"]
[SourceQuality "1"]
[TimeControl "900+3"]

1. d4 Nf6 2. c4 e6 3. Nf3 b6 4. g3 Bb7 5. Bg2 Bb4+ 6. Bd2 Bxd2+ 7. Qxd2 d6 8. O-O $1 {[%emt 0:00:08][%mdl 4] outshines the older 8.Nc3.} Nbd7 9. Qf4 {[%emt 0:00:10] E16: Queen's Indian: 4 g3 Bb7 5 Bg2 Bb4+.} O-O 10. Nc3 Re8 11. e4 {[%emt 0:00:03] White is slightly better.} e5 12. Qe3 exd4 13. Nxd4 Nc5 14. f3 a5 15. Rad1 {[%emt 0:00:45] [#]} g6 $146 ({Predecessor:} 15... a4 16. Rfe1 g6 17. Ndb5 Qe7 18. Qd4 Ne6 19. Qd2 Nc5 20. Bh3 Qd8 21. Qg5 Re5 {1-0 Yoo,C (2591)-Cordova,E (2544) Los Angeles 1000GM Spring op 2023 (4)}) 16. b3 Qe7 17. Qd2 Qf8 18. Rfe1 h5 19. a3 Qg7 20. b4 axb4 21. axb4 Ne6 22. Ndb5 {[%emt 0:00:08] Black must now prevent Nd5.} Red8 23. f4 Ne8 24. Qe3 c6 25. Nd4 (25. Qxb6 cxb5 26. Nxb5 Ra2 $17) 25... Nxd4 26. Rxd4 c5 27. bxc5 bxc5 28. Rd3 Rab8 29. Ra1 {[%emt 0:00:42] Repels Ba6} Bc8 30. e5 Bf5 31. Rdd1 dxe5 32. fxe5 {[%emt 0:00:04] And now Rxd8 would win.} Nc7 33. Nd5 $36 {[%emt 0:00:34][%mdl 2048] White has the initiative.} (33. Rxd8+ Rxd8 34. Nd5 (34. Qxc5 Ne6 $14) 34... Nxd5 35. cxd5 c4 $16) 33... Nxd5 34. cxd5 Re8 35. Re1 $1 {[%emt 0:00:07][%cal Oa1a7] White leaves nothing to chance now.} (35. Qxc5 $6 Qxe5 36. Qd4 Qd6 $11) 35... c4 36. Ra7 {[%emt 0:00:41][%cal Oe5e6] e6! would be deadly.} Rb3 37. Qf4 {[%emt 0:00:06] Threatens to win with e6.} Qf8 {[%emt 0:00:03] Strongly threatening ...Qc5+.} 38. Qxc4 Rb4 {[%emt 0:00:08] [#]} (38... Qb4 $16 {was necessary.} 39. Qxb4 Rxb4) 39. Qc3 $1 $18 {[%emt 0:00:28] aiming for d6.} Rc8 {[%emt 0:00:05] [#] Wards off d6} 40. Qe3 Rb2 (40... Rb5 $142 41. d6 Rcb8) 41. e6 Rcc2 $2 (41... fxe6 42. dxe6 Qd6) 42. Bf3 {[%emt 0:00:54][%cal Bg2f3,Bf3d5,Bd5e4,Be4g6][%mdl 32] Active counter play!} fxe6 43. dxe6 {[%emt 0:00:02][%cal Bd5e6,Be6e7][%mdl 32] White mates.} Bg4 44. e7 Qe8 45. Ra8 Bc8 46. Bd5+ Kh7 47. Be4 Rd2 {[%emt 0:00:06] [#]} 48. Rxc8 $1 Qxc8 {[%emt 0:00:03] [#]} 49. Bxg6+ $1 {[%emt 0:00:00][%mdl 576] Double Attack} Kg7 50. Qe5+ (50. e8=R $2 {perishes.} Rg2+ 51. Kf1 Qc4+ $19) 50... Kh6 51. Qxh5+ (51. e8=B Rg2+ 52. Kh1 Rxh2+ 53. Kg1 Rhg2+ 54. Kh1 Qh3#) 51... Kg7 52. Qh7+ Kf6 53. Qf7+ Kg5 54. h4+ (54. e8=B {is a self mate.} Qc5+ 55. Kf1 Rf2+ 56. Kg1 Rg2+ 57. Kh1 Rxh2#) 54... Kg4 55. Qf4+ (55. e8=B Qc5+ 56. Kf1 Rf2+ 57. Kg1 Rg2+ 58. Kh1 Rh2#) 55... Kh3 56. Bf5+ {[%emt 0:00:00] Ingenious play by Lazavik!   Weighted Error Value: White=0.02 (flawless) /Black=0.27 (precise)} (56. e8=B {gets mated.} Rg2+ 57. Kh1 Rh2+ 58. Kg1 Rbg2+ 59. Kf1 Rh1#) 1-0